 Dungeon Crawl Stone Soup version 0.17-a0-1763-g847a857 (webtiles) character file.

258 Crag the Gusty (level 6, -6/32 HPs)
             Began as a Tengu Air Elementalist on Sept 5, 2015.
             Mangled by Rationalist's ghost (8 damage)
             ... on level 3 of the Dungeon.
             The game lasted 00:14:38 (4420 turns).

Crag the Gusty (Tengu Air Elementalist)             Turns: 4420, Time: 00:14:38

Health: -6/32      AC:  3    Str:  9    XL:     6   Next: 16%
Magic:  0/11       EV: 13    Int: 17    God:
Gold:   133        SH:  0    Dex: 14    Spells: 3 memorised, 5 levels left

rFire  . . .     SeeInvis .     q - +2 short sword (speed)
rCold  . . .     Clarity  .     a - +0 robe
rNeg   . . .     SustAt   .     (no shield)
rPois  .         Gourm    .     (helmet restricted)
rElec  .         Spirit   .     u - +0 cloak
rCorr  .         Warding  .     (no gloves)
rMut   .         Stasis   .     (boots unavailable)
MR     .....                    (no amulet)
Stlth  ++........               (no ring)
                                (no ring)

@: hasted, very quick, not resistant to hostile enchantments, unstealthy
A: beak, talons 3, able to fly 1
a: Fly


You were on level 3 of the Dungeon.
You were hungry.

You visited 1 branch of the dungeon, and saw 4 of its levels.

You collected 133 gold pieces.

Inventory:

Hand weapons
 e - a +0 short sword
 k - a +0 dagger of venom
 q - a +2 short sword of speed (weapon)
Armour
 a - a +0 robe (worn)
 u - a +0 cloak (worn)
Jewellery
 o - an uncursed amulet of guardian spirit
Scrolls
 d - a scroll of enchant armour {unknown}
 g - 3 scrolls of identify {unknown}
 h - a scroll of magic mapping {unknown}
 j - a scroll of noise {unknown}
 m - a scroll of fear {unknown}
 r - a scroll of amnesia {unknown}
 s - a scroll of remove curse {unknown}
 t - a scroll of enchant weapon {unknown}
Potions
 n - a potion of agility {unknown}
 p - a potion of invisibility {unknown}
Books
 b - a book of Air

   Spells                             Type                      Level
   a - Shock                          Conjuration/Air              1
   b - Swiftness                      Charms/Air                   2
   c - Repel Missiles                 Charms/Air                   2
   d - Static Discharge               Conjuration/Air              3
   e - Lightning Bolt                 Conjuration/Air              5
Comestibles
 c - 3 bread rations
 f - 3 meat rations
 i - a beef jerky


   Skills:
 - Level 3.0 Dodging
 - Level 2.0 Stealth
 - Level 3.0 Spellcasting
 + Level 3.1 Conjurations
 - Level 7.2 Air Magic


You had 5 spell levels left.
You knew the following spells:

 Your Spells              Type           Power        Failure   Level  Hunger
a - Shock                 Conj/Air       ###.         2%          1    None
b - Swiftness             Chrm/Air       ##......     10%         2    ##.....
c - Static Discharge      Conj/Air       ###.....     10%         3    ###....


Dungeon Overview and Level Annotations

Branches:
Dungeon (4/15)
 Temple: D:4-7

Altars:
Ashenzari
Trog

Annotations:
D:3 Rationalist's ghost, average FoFi
D:4 Grinder


Innate Abilities, Weirdness & Mutations

You have a beak for a mouth.
You have claws for feet.
You can fly.


Message History

Rationalist's ghost is severely damaged.
Rationalist's ghost lets out a mournful wail.
Rationalist's ghost closely misses you.
Casting: Static Discharge
Confirm with . or Enter, or press ? or * to list all spells.
Rationalist's ghost is struck by lightning.
Rationalist's ghost is severely damaged.
The lightning grounds out.
You are feeling hungry.
Rationalist's ghost hits you!
* * * LOW HITPOINT WARNING * * *
You hit Rationalist's ghost but do no damage.
You claw Rationalist's ghost, but do no damage.
Rationalist's ghost is severely damaged.
Rationalist's ghost hits you!
* * * LOW HITPOINT WARNING * * *
Drink which item? (? for menu, Esc to quit)
It was a potion of haste.
You feel yourself speed up. Rationalist's ghost hits you!
You die...

##.######.########## #.#
#.# ##.## #.# ##.#
##...## #.# ...# #.....#
#.# .### #.....# #.# .#
#.#.#.# #.# .### #.#.#.#
#.# #..#
#.#.#.##########.# .#.#
#.#.#.....@W.....#
.#.####.#.##############
.#........# ....<...###
.######## ##


You could see Rationalist's ghost.

Vanquished Creatures
  An ogre (D:4)
  A worker ant (D:4)
  Jessica (D:3)
  4 adders
  An ooze (D:2)
  3 worms
  2 giant geckos
  5 orcs (D:3)
  12 hobgoblins
  6 jackals
  3 kobolds
  2 quokkas (D:3)
  2 ball pythons
  8 bats
  2 giant newts
  7 goblins
  7 rats
67 creatures vanquished.

Notes
Turn   | Place    | Note
--------------------------------------------------------------
     0 | D:1      | Crag the Tengu Air Elementalist began the quest for the Orb.
     0 | D:1      | Reached XP level 1. HP: 10/10 MP: 4/4
   673 | D:1      | Reached XP level 2. HP: 15/15 MP: 3/6
   880 | D:1      | Found a shattered altar of Ashenzari.
  1792 | D:2      | Reached XP level 3. HP: 19/19 MP: 0/7
  1803 | D:2      | Learned a level 2 spell: Swiftness
  2557 | D:2      | Reached XP level 4. HP: 24/24 MP: 1/8
  2619 | D:2      | Learned a level 3 spell: Static Discharge
  3225 | D:3      | Noticed Jessica
  3229 | D:3      | Killed Jessica
  3229 | D:3      | Reached skill level 5 in Air Magic
  3551 | D:3      | Gained mutation: You can fly. [Tengu growth]
  3551 | D:3      | Reached XP level 5. HP: 21/28 MP: 6/10
  3691 | D:3      | Found a bloodstained altar of Trog.
  3839 | D:3      | Noticed Rationalist's ghost (average FoFi)
  4026 | D:4      | Noticed an ogre
  4045 | D:4      | Killed an ogre
  4045 | D:4      | Reached skill level 6 in Air Magic
  4045 | D:4      | Reached XP level 6. HP: 19/32 MP: 6/11
  4053 | D:4      | Reached skill level 7 in Air Magic
  4235 | D:4      | Noticed Grinder
  4420 | D:3      | Mangled by Rationalist's ghost

Vault maps used:
D:1:      nagdon_arrival_double_spiral, ashenzari_altar_1
D:2:      wad_lake_hut, first_bread, serial_park_tiny_1
D:3:      lightli_temple_of_fire, uniq_jessica
D:4:      minmay_ogre_servants, uniq_grinder

Action                   |  1- 3 |  4- 6 || total
-------------------------+-------+-------++-------
Melee: Unarmed           |     6 |       ||     6
       Short sword       |     9 |     6 ||    15
       Dagger            |    21 |    44 ||    65
 Cast: Shock             |    76 |    72 ||   148
       Swiftness         |       |     2 ||     2
       Static Discharge  |       |     3 ||     3
  Use: Potion            |     1 |     1 ||     2
 Stab: Sleeping          |       |     1 ||     1
  Eat: Chunk             |     6 |     5 ||    11
       Beef jerky        |       |     1 ||     1
